 Dungeon Crawl Stone Soup version 0.22.1-2-g9c5b331 (webtiles) character file.

417 magicm the Bolt Thrower (level 6, -3/55 HPs)
             Began as a Deep Dwarf Hunter on Nov 20, 2018.
             Was an Initiate of Okawaru.
             Killed by divine providence
             ... invoked by an orc priest
              (10 damage)
             ... on level 5 of the Dungeon.
             The game lasted 00:13:00 (4102 turns).

magicm the Bolt Thrower (Deep Dwarf Hunter)         Turns: 4102, Time: 00:13:01

Health: -3/55      AC: 10    Str: 15    XL:     6   Next: 61%
Magic:  0/2        EV: 17    Int: 12    God:    Okawaru [......]
Gold:   240        SH:  0    Dex: 15    Spells: 5/5 levels left

rFire    . . .     SeeInvis .   b - +0 short sword
rCold    . . .     Gourm    .   (no shield)
rNeg     . . .     Faith    .   c - +0 leather armour
rPois    .         Spirit   .   k - +0 helmet
rElec    .         Reflect  .   i - +2 cloak
rCorr    .         Harm     .   (no gloves)
MR       .....                  (no boots)
Stlth    +++.......             (no amulet)
HPRegen  0.00/turn              (no ring)
MPRegen  0.08/turn              (no ring)

@: heroism, non-regenerating
A: damage resistance, heal wounds, molten scales 1, blurry vision 2, sense
surroundings 1, no regeneration
a: Heal Wounds, Renounce Religion


You were on level 5 of the Dungeon.
You worshipped Okawaru.
Okawaru was noncommittal.
You were not hungry.

You visited 1 branch of the dungeon, and saw 5 of its levels.

You collected 240 gold pieces.

Inventory:

Hand Weapons
 a - a +2 hand crossbow
 b - a +0 short sword (weapon)
Missiles
 d - a bolt
Armour
 c - a +0 leather armour (worn)
 i - a +2 cloak (worn)
 k - a +0 helmet (worn)
Wands
 o - a wand of iceblast (11)
Scrolls
 j - a scroll of remove curse
 l - a scroll of blinking
 n - a scroll of teleportation
Potions
 e - a potion of invisibility
 g - a potion of cancellation
 h - a potion of berserk rage
 m - 2 potions of haste
 p - a potion of heal wounds
 q - a potion of agility {unknown}
Comestibles
 f - 8 rations


   Skills:
 + Level 2.9(7.9) Fighting
 + Level 2.3(7.3) Short Blades
 + Level 6.5(11.5) Crossbows
 + Level 2.3(7.3) Armour
 + Level 3.3(8.3) Dodging
 + Level 1.9(6.9) Stealth


You had 5 spell levels left.
You didn't know any spells.
Your spell library was empty.

Dungeon Overview and Level Annotations

Branches:
Dungeon (5/15)
 Temple: D:4-7

Altars:
Cheibriados
Elyvilon
Makhleb
Okawaru
Vehumet
Yredelemnul
The Shining One


Innate Abilities, Weirdness & Mutations

You are resistant to damage.
You can heal yourself by infusing magical energy.
You passively map a small area around you.
You do not regenerate.
You are partially covered in molten scales. (AC +2)
Scrolls take you longer to read.


Message History

You are too injured to fight recklessly!
You are too injured to fight recklessly!
You are too injured to fight recklessly!
Your magical essence is drained by the effort!
You feel much better. The orc wizard barely misses you.
The orc priest barely misses you. The orc barely misses you.
The orc priest mumbles some strange prayers to Beogh against you.
Pain shoots through your body!
The orc wizard hits you but does no damage.
You gain the combat prowess of a mighty hero.
You can no longer gain great but temporary skills.
You hear a distant blaring wail to the west.
The orc priest mumbles some strange prayers to Beogh against you.
Beogh smites you!
* * * LOW HITPOINT WARNING * * *
The orc wizard gestures at you while chanting.
The puff of frost misses you. The orc misses you.
The orc priest calls down the wrath of Beogh upon you.
Beogh smites you!
You die...

, , , ,
, ,, , ,
,, ,
###+#,
,, ,
###...#
, *
#.....#
,
#.....#
, , ,
#..)@o#
,, *
##.oo.#
, ,
#..o.# ,
, , ,
,+....+,
, #....#
, ######
, * , ,
, ,, * *
** ,


You could see 2 orc priests, an orc wizard and an orc.

Vanquished Creatures
  2 howler monkeys (D:4)
  A hound (D:4)
  A bullfrog skeleton (D:4)
  2 worker ants (D:4)
  An iguana (D:2)
  8 adders
  4 gnolls
  6 worms
  A dart slug (D:1)
  2 leopard geckos
  4 orcs
  2 ball pythons
  6 bats
  2 giant cockroaches (D:1)
  7 goblins (D:1)
  10 hobgoblins
  7 jackals
  A quokka (D:3)
  6 frilled lizards
  6 kobolds
  10 rats
89 creatures vanquished.

Notes
Turn   | Place    | Note
-------+----------+-------------------------------------------
     0 | D:1      | magicm the Deep Dwarf Hunter began the quest for the Orb.
     0 | D:1      | Reached XP level 1. HP: 19/19 MP: 1/1
    53 | D:1      | Reached XP level 2. HP: 26/26 MP: 2/2
    89 | D:1      | Reached skill level 5 in Crossbows
   116 | D:1      | Gained mutation: Scrolls take you a little longer to read.
                  | [potion of mutation]
   116 | D:1      | Gained mutation: Scrolls take you longer to read. [potion
                  | of mutation]
   116 | D:1      | Gained mutation: You are partially covered in molten
                  | scales. (AC +2) [potion of mutation]
   506 | D:1      | Reached XP level 3. HP: 25/32 MP: 3/3
   985 | D:2      | Reached XP level 4. HP: 26/40 MP: 4/4
  1337 | D:2      | Found an iron altar of Okawaru.
  1359 | D:2      | Became a worshipper of Warmaster Okawaru
  1512 | D:2      | Reached skill level 6 in Crossbows
  2094 | D:3      | Found a radiant altar of Vehumet.
  2094 | D:3      | Found a white marble altar of Elyvilon.
  2094 | D:3      | Found a snail-covered altar of Cheibriados.
  2094 | D:3      | Found a burning altar of Makhleb.
  2170 | D:3      | Reached skill level 1 in Short Blades
  2170 | D:3      | Reached XP level 5. HP: 46/46 MP: 3/3
  2181 | D:3      | Reached skill level 1 in Armour
  3398 | D:4      | Reached XP level 6. HP: 34/55 MP: 4/4
  3798 | D:4      | Found a basalt altar of Yredelemnul.
  3853 | D:4      | Reached * piety under Okawaru
  3886 | D:4      | Found a glowing golden altar of the Shining One.
  4087 | D:5      | Entered Level 5 of the Dungeon
  4102 | D:5      | Killed from afar by an orc priest

Skill      XL: |  1  2  3  4  5  6 |
---------------+-------------------+-----
Crossbows      | 5 6 |  6.5
Fighting       | 2 |  2.9
Short Blades   | 1 2 |  2.3
Armour         | 2 |  2.3
Dodging        | 3 |  3.3
Stealth        | |  1.9

Action                   |  1- 3 |  4- 6 || total
-------------------------+-------+-------++-------
Melee: Short sword       |       |   204 ||   204
 Fire: Hand crossbow     |    78 |    71 ||   149
Invok: Heroism           |       |     1 ||     1
 Abil: Heal Wounds       |       |     6 ||     6
  Use: Scroll            |     6 |    10 ||    16
       Potion            |     1 |       ||     1
  Eat: Ration            |       |     3 ||     3
Armor: Leather armour    |     1 |   100 ||   101
Dodge: Dodged            |    13 |   204 ||   217
